Zazza, neutral female human Tourist ------- -- ------------- |.....| -------------- I.I ## ##+..........I-# |.`...| ............>| #I#|. # # |...........|# |......#####|............- I####I #####............|# |.....| ####-............| I#I # #-------------# |`....| ####-----------.-- # ### ### # |.^...+ # I # # # ---.--- # # # ## # ###I##I############# # # I --.----# # ### |......# # # |.....|# # ## |.....|# # -----.- |.....|`##################### |.<...| ------- #----|----- |...^*| #.^...>...| |.....| |........| ------- ---------- Zazza the Rambler Experience level: 1 Strength: 11 Dexterity: 11 Constitution: 13 Intelligence: 14 Wisdom: 10 Charisma: 18 Health: 0(11) Energy: 2(2) Def: 6 Gold: 1174 Moves: 1903 Dungeon seed: E8dBpB5MuGWoG1Q4 Game ID: Zazza_1600861354 Your Inventory: Coins $ - 1174 gold pieces Weapons a - 30 +2 darts B - a blessed +0 elven dagger (weapon in hand) F - a +0 sling Armor e - an uncursed +0 Hawaiian shirt (being worn) q - a blessed +0 elven mithril-coat (being worn) N - an uncursed +0 orcish helm (being worn) Comestibles b - 7 uncursed food rations c - 3 uncursed lembas wafers f - 2 uncursed eucalyptus leaves g - an uncursed tripe ration Scrolls k - 4 uncursed scrolls of magic mapping Spellbooks o - an uncursed spellbook of detect food p - a blessed spellbook of remove curse Potions i - a blessed potion of extra healing j - an uncursed potion of extra healing r - an uncursed potion of object detection v - a blessed potion of confusion Rings u - an uncursed ring of conflict w - a blessed +1 ring of protection Wands s - a wand of light (0:12) x - a wand of slow monster (0:6) Tools l - an expensive camera (0:43) m - an uncursed credit card Gems n - 2 uncursed worthless pieces of orange glass y - 2 uncursed worthless pieces of red glass Spells and supernatural/magical abilities: Name Level Category Fail Memory r - remove curse 3 clerical 100% 91% E - detect food 2 divination 100% 91% W - pray for help -- divine ? -- Your skills at the end: Fighting Skills Weapon Skills dart [Basic] Spellcasting Skills Final Attributes: You were stridently aligned. You were blinded. You are dead. Vanquished creatures: an acid blob 4 coyotes 2 hobbits a large kobold 2 giant rats 2 gnome zombies 2 geckos 5 jackals a fox a kobold a goblin 3 grid bugs 7 lichens a kobold zombie 4 newts 37 creatures vanquished. Voluntary challenges: You were vegetarian. You used a wielded weapon 5 times, starting on turn 1152. You read items or engraved 18 times, starting on turn 30. You never genocided any monsters. You never polymorphed an object. You never changed form. You used no wishes. You never split a pudding. You never wrote Elbereth's name. You never violated your personal moral code. Dungeon overview: The Dungeons of Doom: levels 1 to 4 Level 1 a fountain a long staircase Level 2 some fountains Level 3 a fountain Level 4 <- You were here a long staircase History has recorded: On T:1 you entered the Dungeons of Doom to retrieve the Amulet of Yendor! On T:302 you reached level 2 of The Dungeons of Doom. On T:886 you reached level 3 of The Dungeons of Doom. On T:1476 you reached level 4 of The Dungeons of Doom. Score breakdown: Gold: 825 ( 9922 points) Experience: 1 level ( 0 points) Exploration: 4 levels ( 8.70%) ( 7745 points) Discoveries: 6 items ( 2.01%) ( 4256 points) Valuables value: (no points given unless you survive) Artifact value: 0 ( 0 points) Variety of kills: 15 monsters ( 3.94%) ( 5952 points) Turncount: 1903 turns ( 0 points) Survival: died (score multiplied by 80%) Total score: 22300 Latest messages: You attack thin air. You sense a monster nearby! (4x) There's still a monster there. (2x) You sense a monster nearby! (2x) There's still a monster there. You sense a monster nearby! (2x) There's still a monster there. You sense a monster nearby! It misses. You miss it. You sense a monster nearby! It bites! You sense a monster nearby! You miss it. It bites! There's still a monster there. Wait! There's something there you can't see! It misses. There's still a monster there. Wait! There's something there you can't see! It bites! You miss it. There's still a monster there. It bites! You die... Final status: Aloha Zazza the Tourist, killed by a newt... You died in The Dungeons of Doom on dungeon level 4 with 22300 points, and 1174 pieces of gold, after 1903 moves. You were level 1 with a maximum of 11 hit points when you died.